cohdb
Replays
Latest Replays
All Replays
Popular Replays
Top Player Replays
Match Explorer
How It Works
Community
CoH3 Stats
Reddit
Sign in to upload your games and track your stats! →
Sign in with Steam
Match 42590322
Unlisted
Match 42590322
Overview
Messages
Build Orders
End
Construct Infanterie Kompanie
Selects Terror Battlegroup
Selects Machine Gun Camouflage
MG 42 Machine Gun Team
Grenadier Squad
Grenadier Squad
Grenadier Squad
GrW 34 Mortar Team
Infanterie Officer Quarters
Construct Panzergrenadier Kompanie
Selects Interrogate
Pak 40 Anti-tank Gun Team
Grenadier Squad
Construct Panzer Kompanie
Panzer Officer Quarters
Selects Jericho Trumpet
Jericho Trumpet
Stoßtruppen Squad
Jericho Trumpet
Stoßtruppen Squad
Phan
panther
Dark Angels
Tirant
Landser
*Mule
Hunti
Roger Roach
0
0
Comments
sign in to comment!
No comments posted yet!